Map: Frozen Temple

Players

Miszu - Winner!

  • Race: Terran Terran
  • League: Master

Awake

  • Race: Zerg Zerg
  • League: Master

VOD

Have the link to the VOD?

Description

Time

  • Played on: July 4, 2016, 6:49 p.m.
  • Length: 8:45
Show
View Real Time Build Order
Export as new Build Order

Miszu Terran - Winner!

Build Orders: Reaper Expand, MMM Bio 

Get SALT Encoding   

  12  0:00  SCV  
  13  0:12  SCV  
  14  0:17  Supply Depot  
  14  0:24  SCV  
  15  0:39  SCV  
  15  0:41  Barracks  
  16  0:44  Refinery  
  16  0:51  SCV  
  17  1:04  SCV  
  18  1:17  SCV  
  19  1:29  Orbital Command  
  19  1:30  Reaper  
  20  1:40  Command Center  
  20  1:51  Supply Depot  
  20  1:54  SCV  
  21  2:07  Barracks Reactor, SCV  
  22  2:13  Refinery  
  22  2:19  SCV  
  22  2:22  Factory  
  23  2:31  SCV  
  24  2:43  SCV  
  25  2:46  Marine x2  
  27  2:55  SCV  
  27  2:56  Orbital Command  
  28  3:05  Marine x2  
  28  3:06  Starport, Factory Reactor  
  28  3:12  SCV  
  31  3:15  Supply Depot  
  31  3:23  Marine x2  
  31  3:24  SCV x2  
  35  3:36  SCV x2  
  35  3:41  Marine x2  
  36  3:48  SCV x2  
  40  3:49  Medivac x2, Widow Mine  
  46  3:59  Marine x2  
  46  4:00  SCV x2  
  50  4:04  Supply Depot  
  50  4:11  Command Center  
  50  4:12  SCV x2, Liberator  
  52  4:21  Refinery  
  52  4:22  Refinery  
  52  4:24  SCV x2  
  52  4:25  Liberator  
  58  4:36  SCV x2  
  60  4:40  Supply Depot  
  60  4:41  Factory Tech Lab  
  56  5:13  Marine x2  
  55  5:15  SCV x2  
  56  5:21  Siege Tank  
  56  5:25  Engineering Bay  
  56  5:26  Engineering Bay  
  56  5:27  Barracks, SCV x2, Orbital Command  
  56  5:28  Barracks  
  61  5:35  Barracks  
  61  5:36  Barracks  
  61  5:39  SCV x2  
  61  5:51  SCV x2  
  61  5:54  Siege Tank  
  66  5:57  Marine x2, Orbital Command  
  66  6:01  Terran Infantry Weapons Level 1, Terran Infantry Armor Level 1  
  66  6:03  SCV  
  66  6:04  SCV  
  70  6:07  Supply Depot x2  
  70  6:15  SCV  
  70  6:16  Marine  
  72  6:20  Marine  
  72  6:21  Barracks Tech Lab  
  72  6:22  Barracks Tech Lab  
  72  6:24  Barracks Reactor  
  72  6:25  SCV  
  74  6:26  Siege Tank, SCV  
  74  6:28  Barracks Reactor  
  78  6:33  Marine  
  78  6:38  Marine  
  77  6:41  Stimpack, Combat Shields  
  77  6:42  SCV x2  
  77  6:43  SCV  
  80  6:49  Marine x2  
  80  6:51  Marine  
  80  6:52  Supply Depot  
  83  6:54  SCV x2  
  83  6:55  Marine  
  83  6:58  SCV  
  87  7:06  Marine x3, SCV x2  
  87  7:07  Marine  
  93  7:10  SCV  
  93  7:13  Marine  
  93  7:14  Marine x3  
  98  7:18  Supply Depot, SCV x2, Armory  
  98  7:19  Supply Depot  
  98  7:21  Supply Depot  
  98  7:22  Supply Depot  
  100  7:23  SCV  
  100  7:24  Marine  
  100  7:26  Marine x2  
  100  7:27  Medivac x2, Siege Tank  
  100  7:29  Marine  
  109  7:34  Refinery  
  109  7:35  Refinery  
  109  7:38  Supply Depot  
  109  7:39  Supply Depot  
  109  7:40  Marine x2, SCV x3  
  114  7:51  Supply Depot  
  114  7:52  Marine x3, SCV x2  
  114  7:53  Supply Depot x2, Marine x3  
  114  7:57  Marine x2, Medivac x2  
  128  8:05  Siege Tank  
  131  8:10  Marine x4  
  131  8:11  Marine, Marauder  
  138  8:15  Marine x2  
  140  8:22  Command Center  
  140  8:28  Supply Depot  
  140  8:29  Supply Depot  
Show
View Real Time Build Order
Export as new Build Order

Awake Zerg 

Build Orders: Hatch First 

Get SALT Encoding   

  12  0:01  Drone  
  13  0:12  Overlord  
  13  0:18  Drone  
  14  0:31  Drone x2  
  14  0:34  Drone  
  17  0:53  Hatchery  
  17  0:56  Drone  
  17  0:59  Drone  
  18  1:12  Spawning Pool  
  18  1:13  Extractor  
  18  1:16  Drone  
  17  1:20  Drone  
  18  1:29  Drone  
  19  1:40  Overlord  
  19  2:00  Queen  
  19  2:01  Zergling x4  
  23  2:05  Queen  
  23  2:06  Drone  
  26  2:11  Drone  
  26  2:13  Metabolic Boost  
  27  2:16  Drone  
  27  2:22  Drone  
  29  2:28  Spore Crawler  
  29  2:29  Drone  
  29  2:34  Drone  
  30  2:41  Queen  
  32  2:45  Drone  
  32  2:48  Overlord  
  32  2:50  Drone  
  34  2:54  Drone  
  35  3:06  Zergling x2  
  35  3:07  Zergling x2  
  35  3:11  Drone  
  38  3:18  Drone x2  
  38  3:19  Drone x4, Hatchery  
  43  3:21  Overlord  
  43  3:31  Spore Crawler  
  41  3:34  Spore Crawler  
  41  3:39  Overlord x2  
  42  3:56  Drone  
  42  3:57  Drone x6  
  42  4:01  Extractor  
  42  4:02  Extractor, Drone  
  49  4:03  Queen x2  
  49  4:07  Drone  
  53  4:12  Drone  
  54  4:20  Drone  
  55  4:24  Drone  
  55  4:25  Drone x3  
  55  4:30  Roach Warren, Evolution Chamber  
  57  4:33  Drone x2  
  59  4:44  Overlord  
  59  4:45  Overlord  
  59  4:47  Lair  
  52  5:18  Roach x2  
  52  5:19  Roach x12, Spore Crawler  
  79  5:21  Zerg Missile Weapons Level 1  
  80  5:28  Drone x2  
  80  5:31  Overlord x2  
  81  5:45  Glial Reconstitution  
  81  5:46  Drone  
  81  5:47  Overlord x2  
  79  5:58  Roach x3  
  79  5:59  Roach x4  
  90  6:06  Drone x3  
  91  6:12  Drone  
  92  6:18  Drone x2  
  91  6:27  Ravager x3  
  92  6:36  Drone x7  
  97  6:43  Drone x3  
  96  6:55  Drone x2  
  96  6:56  Drone x4  
  96  7:01  Drone x2  
  99  7:05  Drone  
  100  7:12  Drone x2  
  100  7:13  Extractor  
  100  7:14  Extractor  
  100  7:15  Drone  
  101  7:16  Queen  
  102  7:33  Drone  
  102  7:34  Drone x3  
  102  7:35  Queen x2, Drone  
  111  7:52  Roach x2, Hatchery  
  111  7:54  Overlord x2  
  111  7:56  Overlord  
  114  8:06  Overseer  
  114  8:08  Overlord  
  114  8:15  Roach  
  114  8:16  Roach x4  
  124  8:21  Roach x2  
  124  8:23  Ravager x4  
Tags
 
Add a new tag
Caveats
  • Supply blocks, unpowered buildings, or Contaminate may cause inaccurate times.
  • Supply counts are checked every 10 seconds.